Map: [TLMC21] Celestial Enclave

Players

ART

  • Race: Protoss Protoss
  • League: Master
  • Spawn Location: 7:00

Geralt (Gerald) - Winner!

  • Race: Protoss Protoss
  • League: Grandmaster
  • Spawn Location: 1:00

VOD

Have the link to the VOD?

Description

Time

  • Played on: Oct. 12, 2025, 2:42 p.m.
  • Length: 18:01
Show
View Real Time Build Order
Export as new Build Order

ART Protoss 

Build Orders: Blink Stalkers 

Get SALT Encoding   

  12  0:00  Probe  
  13  0:12  Probe  
  14  0:17  Pylon  
  14  0:24  Probe  
  15  0:32  Probe  
  15  0:35  Gateway  
  15  0:40  Probe  
  16  0:46  Assimilator  
  17  0:51  Probe  
  17  0:54  Assimilator  
  18  0:59  Probe  
  19  1:07  Gateway, Probe  
  19  1:17  Probe  
  20  1:23  Cybernetics Core  
  21  1:29  Probe  
  22  1:35  Pylon  
  22  1:41  Probe  
  23  1:53  Probe  
  24  1:56  Stalker  
  24  1:59  Sentry  
  24  2:00  Warp Gate  
  28  2:05  Pylon  
  28  2:08  Probe  
  29  2:21  Stalker  
  29  2:23  Stalker  
  33  2:48  Nexus  
  33  2:49  Stalker x2  
  33  2:53  Sentry  
  35  2:59  Probe  
  35  3:04  Twilight Council  
  36  3:11  Probe  
  37  3:14  Pylon  
  37  3:19  Blink  
  37  3:23  Probe  
  38  3:36  Probe  
  35  3:48  Probe, Stalker  
  34  3:52  Stalker  
  38  3:56  Probe  
  38  3:57  Probe  
  40  4:04  Probe  
  40  4:05  Probe  
  42  4:12  Stalker  
  42  4:14  Probe  
  42  4:15  Probe  
  42  4:16  Stalker  
  48  4:24  Gateway  
  48  4:26  Probe  
  48  4:27  Probe  
  50  4:36  Stalker  
  52  4:38  Probe  
  52  4:39  Stalker  
  52  4:41  Probe  
  56  4:50  Probe  
  57  4:55  Nexus  
  57  4:58  Pylon  
  57  5:02  Stalker  
  57  5:06  Stalker  
  61  5:07  Probe  
  61  5:12  Assimilator  
  62  5:17  Shield Battery  
  62  5:19  Pylon  
  63  5:23  Robotics Facility  
  63  5:29  Stalker  
  63  5:31  Stalker  
  63  5:34  Probe x2  
  64  5:46  Probe x2  
  66  5:54  Forge  
  66  5:58  Probe  
  66  5:59  Probe, Adept x2  
  66  6:03  Charge  
  72  6:07  Probe  
  72  6:10  Observer, Probe  
  72  6:11  Probe  
  76  6:15  Gateway  
  74  6:19  Probe  
  74  6:20  Protoss Ground Weapons Level 1  
  74  6:22  Stalker x2  
  77  6:26  Stalker  
  77  6:27  Probe  
  77  6:30  Probe  
  81  6:37  Gateway  
  81  6:39  Gateway  
  81  6:42  Observer  
  81  6:43  Probe  
  81  6:45  Probe x2  
  85  6:52  Pylon  
  85  6:55  Probe  
  85  6:56  Gateway  
  85  6:57  Probe  
  85  6:58  Gateway  
  87  7:02  Stalker  
  89  7:09  Probe  
  89  7:15  Stalker  
  92  7:20  Pylon  
  88  7:26  Pylon  
  84  7:30  Zealot x3  
  84  7:31  Probe  
  84  7:33  Probe  
  92  7:37  Pylon  
  92  7:40  Zealot x3  
  92  7:42  Nexus  
  92  7:43  Pylon  
  98  7:52  Pylon  
  98  7:53  Templar Archives  
  98  7:55  Gateway  
  98  7:59  Protoss Ground Weapons Level 2  
  98  8:00  Gateway  
  98  8:03  Zealot x3  
  104  8:07  Zealot x2  
  104  8:12  Zealot x2  
  112  8:15  Zealot  
  114  8:24  Zealot x3  
  114  8:26  Pylon  
  120  8:28  Probe x3  
  120  8:33  High Templar x2  
  127  8:36  Zealot  
  127  8:37  Archon  
  127  8:38  Zealot  
  127  8:40  Probe  
  132  8:46  Zealot x3  
  136  8:53  Zealot x2  
  136  8:55  Probe x2  
  137  8:56  Probe  
  137  8:59  Zealot x2  
  137  9:02  Zealot  
  121  9:03  Probe  
  121  9:05  Zealot  
  121  9:07  Zealot  
  121  9:09  Probe x2  
  112  9:14  Stalker x2  
  110  9:19  Stalker, High Templar x2  
  110  9:20  Probe  
  110  9:23  Archon, Stalker  
  119  9:25  Shield Battery, Probe  
  120  9:34  Stalker x2  
  120  9:36  Zealot  
  120  9:37  Warp Prism, Zealot  
  122  9:45  Zealot x3  
  122  9:46  Assimilator  
  122  9:52  Zealot x2  
  134  9:57  Pylon  
  126  10:08  High Templar x2, Zealot x5  
  126  10:09  Zealot  
  126  10:12  Archon, Zealot x2  
  144  10:15  Protoss Ground Armor Level 1  
  144  10:21  Pylon  
  144  10:24  Pylon  
  144  10:30  Zealot x6  
  144  10:32  Zealot  
  144  10:33  Zealot  
  160  10:36  Gateway, Probe  
  160  10:37  Gateway  
  160  10:40  High Templar  
  160  10:41  High Templar  
  165  10:45  Archon  
  165  10:52  Zealot x3  
  165  10:54  Zealot x4  
  179  11:04  Pylon  
  179  11:05  Pylon  
  177  11:12  Pylon  
  177  11:15  Zealot  
  179  11:25  Stalker x3, Zealot  
  179  11:26  Zealot x5  
  189  11:38  Zealot x3  
  190  11:48  Probe x3  
  190  11:49  Zealot  
  190  11:50  Zealot x2  
  171  11:54  Zealot x3  
  171  11:55  Zealot x4  
  171  11:59  Zealot  
  171  12:00  Zealot  
  115  12:10  Zealot x3  
  115  12:15  Zealot x2  
  97  12:17  Zealot x5  
  97  12:21  Zealot x2  
  93  12:25  Protoss Ground Weapons Level 3  
  87  12:30  Probe  
  87  12:32  Sentry, High Templar x2  
  87  12:34  High Templar x2  
  87  12:35  Zealot x3  
  87  12:37  Archon  
  102  12:38  Zealot x2  
  102  12:39  Archon  
  107  12:45  Assimilator  
  107  12:49  High Templar x2  
  110  12:53  Nexus  
  110  12:54  Archon, Zealot x2  
  110  12:55  Pylon, Zealot x2  
  110  12:57  Pylon  
  118  13:02  Zealot x2  
  122  13:11  Zealot x2  
  124  13:13  Probe  
  124  13:15  Probe x2  
  127  13:21  Warp Prism  
  127  13:25  Stalker x3, Zealot  
  136  13:37  Stalker x2, Zealot  
  136  13:39  Probe  
  136  13:40  Probe  
  144  13:44  Zealot  
  144  13:45  Probe  
  147  13:49  Zealot x2  
  147  13:54  Zealot  
  147  13:55  Zealot x2  
  143  14:13  Zealot x9  
  147  14:24  Zealot x3  
  149  14:34  Zealot x2  
  149  14:35  Zealot x6  
  157  14:40  Stalker  
  157  14:41  Probe x2  
  157  14:42  Probe  
  138  14:54  Zealot x5  
  138  14:57  Zealot x3  
  138  14:58  Zealot  
  148  15:03  Stalker  
  142  15:08  High Templar x2  
  142  15:12  Archon  
  146  15:15  High Templar x4  
  146  15:16  Zealot  
  146  15:19  Zealot x3  
  157  15:21  Archon  
  157  15:22  Archon, Zealot  
  159  15:28  Zealot  
  161  15:39  Zealot x4  
  157  15:50  High Templar  
  157  15:51  High Templar, Zealot x5  
  157  15:56  Archon  
  169  16:01  Zealot x3  
  175  16:15  Zealot x4  
  151  16:28  Zealot x5  
  149  16:33  High Templar x2  
  149  16:37  Archon  
  137  16:48  Zealot x4  
  143  17:06  Nexus  
  137  17:18  Zealot x3  
  137  17:19  Zealot x3  
  137  17:20  Probe  
  137  17:22  Probe  
  137  17:37  High Templar x2, Zealot x2  
  137  17:38  Zealot  
  137  17:41  Archon, Zealot  
  133  17:44  Zealot  
Show
View Real Time Build Order
Export as new Build Order

Geralt Protoss - Winner!

Build Orders: Blink Stalkers 

Get SALT Encoding   

  12  0:00  Probe  
  13  0:12  Probe  
  14  0:17  Pylon  
  14  0:24  Probe  
  15  0:33  Probe  
  15  0:35  Gateway  
  15  0:41  Probe  
  16  0:47  Assimilator  
  17  0:51  Probe  
  17  0:55  Assimilator  
  18  0:59  Probe  
  19  1:07  Probe  
  19  1:08  Gateway  
  20  1:19  Probe  
  20  1:23  Cybernetics Core  
  21  1:31  Probe  
  22  1:34  Pylon  
  22  1:43  Probe  
  23  1:55  Probe  
  23  1:57  Stalker  
  23  1:58  Warp Gate  
  23  2:00  Sentry  
  28  2:07  Probe  
  29  2:11  Pylon  
  29  2:19  Probe  
  29  2:20  Pylon  
  30  2:31  Probe  
  31  2:40  Nexus  
  31  2:44  Shield Battery  
  31  2:49  Probe  
  32  2:58  Stalker  
  32  3:01  Probe  
  32  3:02  Sentry  
  37  3:13  Probe  
  37  3:14  Twilight Council  
  38  3:24  Pylon  
  38  3:25  Probe  
  39  3:37  Blink  
  36  3:42  Probe  
  36  3:48  Stalker x2  
  39  3:54  Probe  
  39  3:55  Probe  
  41  4:03  Probe  
  41  4:06  Probe  
  43  4:12  Probe  
  43  4:13  Robotics Facility  
  44  4:18  Gateway, Probe  
  46  4:24  Probe  
  46  4:29  Pylon  
  46  4:31  Probe, Stalker  
  49  4:34  Stalker  
  49  4:36  Probe  
  52  4:43  Probe  
  53  4:51  Pylon  
  54  4:56  Nexus  
  54  4:58  Probe  
  54  5:01  Probe  
  54  5:05  Observer  
  56  5:12  Adept x2  
  60  5:14  Probe  
  60  5:17  Stalker, Assimilator  
  60  5:20  Pylon  
  62  5:23  Probe  
  62  5:25  Gateway  
  63  5:35  Probe  
  64  5:36  Probe  
  64  5:38  Immortal  
  65  5:45  Shield Battery, Stalker  
  65  5:47  Probe  
  65  5:49  Probe  
  69  5:52  Stalker x2  
  73  5:59  Probe  
  73  6:01  Forge, Probe  
  75  6:04  Charge  
  75  6:09  Probe  
  76  6:11  Probe  
  76  6:16  Probe  
  78  6:20  Protoss Ground Weapons Level 1  
  78  6:21  Probe  
  78  6:22  Stalker x3  
  78  6:24  Stalker  
  87  6:26  Probe  
  88  6:34  Probe  
  88  6:38  Probe  
  89  6:45  Pylon  
  89  6:47  Gateway  
  89  6:48  Gateway, Probe  
  89  6:49  Pylon  
  90  6:54  Gateway, Probe  
  90  6:56  Gateway  
  90  7:01  Pylon  
  91  7:06  Probe, Assimilator  
  91  7:07  Stalker  
  96  7:09  Stalker x2  
  96  7:10  Pylon  
  98  7:17  Pylon x2  
  98  7:19  Pylon, Probe  
  97  7:24  Probe, Warp Prism  
  101  7:41  Templar Archives  
  101  7:42  Nexus  
  100  7:47  Pylon  
  100  7:49  Zealot  
  100  7:50  Zealot x4  
  110  7:53  Zealot  
  110  7:56  Probe  
  110  7:58  Zealot x2  
  115  8:01  Probe  
  115  8:02  Probe  
  119  8:24  High Templar x3  
  119  8:25  Protoss Ground Weapons Level 2, Zealot x2  
  119  8:26  High Templar, Zealot x2  
  135  8:27  Probe  
  135  8:30  Archon  
  135  8:31  Archon  
  135  8:32  Gateway x2  
  140  8:43  Probe  
  137  8:49  Zealot x2  
  139  8:56  Immortal, Zealot x3  
  139  8:57  Zealot x2  
  117  9:03  Probe  
  117  9:04  Probe  
  117  9:05  Zealot x6  
  113  9:14  Probe x2  
  113  9:15  Probe  
  116  9:19  High Templar  
  116  9:20  High Templar  
  116  9:22  Shield Battery  
  120  9:24  Assimilator  
  120  9:25  Archon  
  120  9:26  Zealot x6  
  132  9:35  Pylon  
  132  9:38  Immortal, Zealot  
  132  9:39  Zealot  
  140  9:48  Assimilator  
  140  9:50  Pylon, Zealot x5  
  140  9:51  Zealot x2  
  154  9:52  Pylon  
  144  10:07  Probe  
  144  10:09  Probe, Warp Prism  
  144  10:10  Photon Cannon  
  144  10:12  Pylon  
  146  10:14  High Templar  
  146  10:15  High Templar  
  146  10:16  Nexus  
  146  10:17  Pylon, High Templar  
  146  10:18  Zealot x2  
  146  10:20  Archon  
  146  10:21  High Templar, Zealot x2  
  160  10:24  Archon  
  164  10:33  Zealot x2  
  164  10:34  Probe  
  169  10:36  Pylon  
  169  10:40  Zealot x2  
  173  10:44  Zealot x2  
  173  10:49  Zealot  
  179  10:50  Zealot x2  
  183  11:04  High Templar x4  
  183  11:05  Zealot x2  
  183  11:09  Archon x2  
  195  11:13  Zealot  
  195  11:21  Zealot  
  195  11:22  Zealot x2  
  187  11:25  Zealot x2  
  187  11:28  Probe x2  
  193  11:33  Probe x2  
  193  11:37  Robotics Bay  
  195  11:40  Robotics Facility, Photon Cannon  
  195  11:42  Shield Battery  
  195  11:43  Assimilator  
  195  11:45  Pylon  
  195  11:47  Zealot x2  
  195  11:54  Zealot x2  
  189  11:56  Zealot x5  
  189  11:57  Zealot  
  159  12:03  Immortal, Probe  
  159  12:04  Protoss Ground Weapons Level 3  
  159  12:07  Zealot x2  
  128  12:20  Probe  
  112  12:22  Probe  
  112  12:26  Probe  
  112  12:27  Stalker x4  
  112  12:28  Stalker x6  
  112  12:29  Probe  
  120  12:37  Probe  
  120  12:38  Disruptor  
  122  12:46  Unknown  
  122  12:48  Photon Cannon, Disruptor  
  129  12:51  Shield Battery  
  129  12:54  Assimilator  
  129  12:56  Stalker x4  
  137  12:59  Zealot x6  
  137  13:05  Disruptor  
  149  13:13  Disruptor  
  153  13:22  Pylon  
  157  13:27  High Templar x2  
  161  13:35  Archon, High Templar x2  
  161  13:36  Zealot x5  
  161  13:37  Zealot  
  161  13:38  Pylon  
  161  13:39  Disruptor  
  181  13:42  Archon  
  181  13:43  Nexus  
  181  13:44  Gateway  
  181  13:49  Disruptor  
  181  13:50  Photon Cannon  
  181  13:53  Photon Cannon  
  181  13:55  Photon Cannon  
  185  13:58  Pylon  
  177  14:16  Stalker x5  
  177  14:17  Stalker x5  
  184  14:31  Disruptor  
  182  14:39  Nexus  
  182  14:40  Pylon  
  182  14:41  Zealot x3  
  188  14:49  Probe  
  188  14:52  Probe  
  185  14:54  Photon Cannon  
  185  14:57  Stalker x6  
  185  14:58  Stalker  
  197  15:00  Probe  
  198  15:09  Photon Cannon  
  198  15:10  Gateway  
  198  15:13  Nexus  
  198  15:16  Pylon  
  198  15:23  Stalker  
  198  15:24  Stalker  
  195  15:29  Zealot x2  
  175  15:49  Probe  
  176  15:56  High Templar x10  
  190  16:00  Archon x3  
  190  16:01  Archon  
  190  16:03  Photon Cannon  
  188  16:04  Probe  
  188  16:06  Shield Battery  
  188  16:09  Archon  
  189  16:13  Stalker  
  189  16:15  Probe x2  
  189  16:16  Probe  
  172  16:27  Disruptor x2  
  172  16:32  High Templar x2  
  174  16:33  High Templar  
  174  16:34  Stalker x6, High Templar  
  174  16:35  Probe x3  
  174  16:39  Probe  
  196  16:40  Archon x2  
  196  16:50  Sentry  
  198  16:58  Zealot  
  200  17:05  Zealot  
  190  17:15  Zealot  
  190  17:16  Zealot x4  
  190  17:18  Probe  
  190  17:19  Probe  
  198  17:24  Zealot x2  
  192  17:41  Stalker x4  
Tags
 
Add a new tag
Caveats
  • Supply blocks, unpowered buildings, or Contaminate may cause inaccurate times.
  • Supply counts are checked every 10 seconds.